 Dungeon Crawl Stone Soup version 0.29.1-13-g9f3cf754e1 (webtiles) character file.

Game seed: 15899809675648060633

36 theswoord the Chiller (level 3, 0/31 HPs)
             Began as a Naga Ice Elementalist on Feb 1, 2023.
             Slain by a kobold
             ... wielding a +0 whip
              (3 damage)
             ... on level 2 of the Dungeon.
             The game lasted 00:02:20 (1525 turns).

theswoord the Chiller (Naga Ice Elementalist)       Turns: 1525, Time: 00:02:20

Health: 0/31       AC:  2    Str: 10    XL:     3   Next: 37%
Magic:  4/6        EV:  9    Int: 17    God:
Gold:   65         SH:  0    Dex: 11    Spells: 3/7 levels left

rFire   . . .      SeeInvis +   f - +0 whip
rCold   . . .      Faith    .   (no shield)
rNeg    . . .      Spirit   .   a - +0 robe
rPois   +          Reflect  .   (no helmet)
rElec   .          Harm     .   (no cloak)
rCorr   .          Rampage  .   (no gloves)
Will    .....                   (no barding)
Stlth   ++........              (no amulet)
HPRegen 0.10/turn               (no ring)
MPRegen 0.10/turn               (no ring)

@: short of breath, very slow
A: AC +1, large, see invisible, deformed body, poison resistance, slowness 2,
spit poison 1, naga tail 1
a: Spit Poison


You were on level 2 of the Dungeon.
You visited 1 branch of the dungeon, and saw 2 of its levels.

You collected 65 gold pieces.

Inventory:

Hand Weapons
 f - a +0 whip (weapon)
Armour
 a - a +0 robe (worn)
Scrolls
 c - 2 scrolls of vulnerability {unknown}
 e - a scroll of teleportation {unknown}
 g - a scroll of butterflies {unknown}
 h - a scroll of fear {unknown}
 k - a scroll of identify {unknown}
Potions
 b - a potion of magic
 d - a potion of might {unknown}
 i - a potion of curing
 j - a potion of ambrosia {unknown}


   Skills:
 + Level 1.5 Fighting
 - Level 1.5 Dodging
 - Level 3.0 Stealth
 + Level 2.5 Spellcasting
 + Level 4.4 Ice Magic


You had 3 spell levels left.
You knew the following spells:

 Your Spells              Type           Power      Damage    Failure   Level
a - Freeze                Ice            68%        1d8       3%          1
b - Frozen Ramparts       Ice            34%        1d6       9%          3

Your spell library contained the following spells:

 Spells                   Type           Power      Damage    Failure   Level
 Ozocubu's Armour         Ice            17%        N/A       9%          3
 Hailstorm                Conj/Ice       9%         3d4       58%         4


Dungeon Overview and Level Annotations

Branches:
Dungeon (2/15)

Altars:

Annotations:
D:2 Robin


Innate Abilities, Weirdness & Mutations

Your serpentine skin is tough. (AC +1)
You have supernaturally acute eyesight. (SInv)
Armour fits poorly on your strangely shaped body.
Your system is resistant to poisons. (rPois)
You cover ground very slowly.
You can spit poison.
You have a snake-like lower body.


Message History

The wall freezes the goblin.
The goblin hits you but does no damage.
Robin hits you from afar with a +0 spear.
The wall freezes the goblin.
You kill the goblin!
The wall freezes the hobgoblin.
You kill the hobgoblin!
The wall freezes the hobgoblin.
You kill the hobgoblin!
The wall freezes the goblin.
You kill the goblin!
Aiming: Spit Poison (2% risk of failure)
Press: ? - help, Q - select action, (/) - cycle Shift-Dir - straight line, f - Robin
Aim: Robin, wielding a +0 spear, wearing a +0 animal skin and wearing a +2 helmet (70% to hit)
The splash of poison hits Robin!
Robin is heavily wounded.
Robin throws the goblin at you!
A kobold comes into view. It is wielding a +0 whip.
The wall freezes the goblin.
You kill the goblin!
Robin hits you from afar with a +0 spear.
Robin hits you from afar with a +0 spear.
* * * LOW HITPOINT WARNING * * *
Robin barely misses you. Robin closely misses you.
The frozen ramparts melt away.
You have got your breath back.
Robin hits you from afar with a +0 spear.
* * * LOW HITPOINT WARNING * * *
Aiming: Spit Poison (2% risk of failure)
Press: ? - help, Q - select action, (/) - cycle Shift-Dir - straight line, f/p - Robin
Aim: Robin, wielding a +0 spear, wearing a +0 animal skin and wearing a +2 helmet (heavily wounded, 70% to hit)
The splash of poison hits Robin.
Robin is poisoned.
Robin is severely wounded.
Robin hits you from afar with a +0 spear.
* * * LOW HITPOINT WARNING * * *
You barely miss the kobold.
Robin hits you from afar with a +0 spear.
* * * LOW HITPOINT WARNING * * *
The kobold hits you with a +0 whip.
You die...

### ##. #..
.. #.##.#
## #
#.#..#...
#.#.#......
#.#.g......
#...K).....
#.)@#
#...#)# #.#
#.# # #.#
#.. ... #..
#...


You could see Robin (poisoned) and a kobold.

Vanquished Creatures
  2 dart slugs (D:1)
  A ball python (D:1)
  2 endoplasms (D:1)
  10 goblins
  2 hobgoblins (D:2)
  2 jackals (D:1)
  A quokka (D:1)
  2 bats (D:1)
  A frilled lizard (D:1)
  3 kobolds (D:1)
  2 rats (D:1)
28 creatures vanquished.

Notes
Turn   | Place    | Note
-------+----------+-------------------------------------------
     0 | D:1      | theswoord the Naga Ice Elementalist began the quest for the
                  | Orb.
     0 | D:1      | Reached XP level 1. HP: 15/15 MP: 3/3
   364 | D:1      | Reached XP level 2. HP: 22/24 MP: 1/5
   598 | D:1      | Reached skill level 1 in Fighting
   814 | D:1      | HP: 1/25 [frozen (5)]
  1118 | D:1      | Reached XP level 3. HP: 23/31 MP: 4/6
  1430 | D:2      | Noticed Robin
  1514 | D:1      | Learned a level 3 spell: Frozen Ramparts
  1525 | D:2      | Slain by a kobold

Skill      XL: |  1  2 |
---------------+-------+-----
Fighting       | 1 |  1.5
Dodging        | |  1.5
Stealth        | |  3.0
Spellcasting   | |  2.5
Ice Magic      | |  4.4

Action                   || total
-------------------------++-------
Melee: Whip              ||    23
       Unarmed           ||     2
 Cast: Freeze            ||    27
       Frozen Ramparts   ||     1
 Abil: Spit Poison       ||     3
  Use: Potion            ||     1
 Stab: Distracted        ||     1
       Sleeping          ||     1
Armor: Robe              ||     5
Dodge: Dodged            ||    29

Levels and vault maps discovered:
D:1:      scummos_arrival_simple_fountains, layout_loops_ring
D:2:      layout_basic, chequers_ecumenical_altar_lobes, uniq_natasha,
          uniq_terence, uniq_robin
